 Dungeon Crawl Stone Soup version 0.27-a0-1595-g0b823d0a13 (webtiles) character file.

Game seed: 1646405616119035581

256 robertstho the Chiller (level 6, -2/30 HPs)
             Began as a Vine Stalker Ice Elementalist on July 20, 2021.
             Slain by Pikel (3 damage)
             ... on level 4 of the Dungeon.
             The game lasted 00:06:59 (3573 turns).

robertstho the Chiller (VSIE)                       Turns: 3573, Time: 00:07:02

Health: -2/30      AC:  4    Str: 11    XL:     6   Next: 15%
Magic:  0/12       EV: 13    Int: 17    God:
Gold:   145        SH:  0    Dex: 20    Spells: 1/12 levels left

rFire    . . .     SeeInvis .   l - +2 short sword (venom)
rCold    . . .     Faith    .   (no shield)
rNeg     . . .     Spirit   +   a - +0 robe
rPois    .         Reflect  .   b - +0 helmet
rElec    .         Harm     .   h - +0 cloak
rCorr    .         Rampage  .   (no gloves)
Will     .....                  (no boots)
Stlth    +.........             (no amulet)
HPRegen  1.10/turn              e - ring of flight
MPRegen  0.13/turn              j - +6 ring of dexterity

@: confused, ambrosia-drunk, freezing walls, flying
A: fangs 2, regeneration 1, magic shield, antimagic bite, no potion heal 2
a: no special abilities


You were on level 4 of the Dungeon.
You visited 1 branch of the dungeon, and saw 4 of its levels.

You collected 145 gold pieces.

Inventory:

Hand Weapons
 k - a +2 dagger of flaming
 l - a +2 short sword of venom (weapon)
Armour
 a - a +0 robe (worn)
 b - a +0 helmet (worn)
 h - a +0 cloak (worn)
Jewellery
 e - a ring of flight (left hand)
 j - a +6 ring of dexterity (right hand)
Scrolls
 d - a scroll of teleportation
 f - a scroll of brand weapon
 o - a scroll of torment {unknown}
Potions
 c - a potion of ambrosia
 g - a potion of heal wounds {unknown}
 i - a potion of invisibility {unknown}
 m - a potion of degeneration {unknown}
 n - a potion of resistance {unknown}


   Skills:
 * Level 1.6 Fighting
 + Level 2.1 Dodging
 + Level 3.0 Stealth
 + Level 1.8 Unarmed Combat
 * Level 3.7 Spellcasting
 * Level 5.2 Ice Magic


You had one spell level left.
You knew the following spells:

 Your Spells              Type           Power      Damage    Failure   Level
a - Freeze                Ice            80%        1d9       1%          1
b - Frozen Ramparts       Ice            40%        1d6       6%          3
c - Ozocubu's Armour      Ice            20%        N/A       6%          3
d - Hailstorm             Conj/Ice       12%        3d5       50%         4

Your spell library contained the following spells:

 Spells                   Type           Power      Damage    Failure   Level
 Corpse Rot               Necr/Air       N/A        N/A       24%         2
 Inner Flame              Hex/Fire       3%         N/A       43%         3
 Cause Fear               Hex            1%         N/A       85%         4
 Dispel Undead            Necr           3%         3d7       85%         4
 Death Channel            Necr           1%         N/A       100%        6
 Discord                  Hex            1%         N/A       100%        8


Dungeon Overview and Level Annotations

Branches:
Dungeon (4/15)
 Temple: D:4-7

Altars:
Yredelemnul

Shops:
D:1 (   D:3 :

Annotations:
D:4 1 transporter, Pikel


Innate Abilities, Weirdness & Mutations

You have extremely sharp teeth.
Your natural rate of healing is unusually fast.
When hurt, damage is shared between your health and your magic reserves.
Your bite disrupts and absorbs the magic of your enemies.
Potions cannot restore your health.


Message History

You barely miss the lemure. You bite the lemure, but do no damage.
The lemure is almost dead.
The wall freezes the lemure.
The lemure hits you but does no damage.
The wall freezes the lemure.
The wall freezes Pikel.
The wall freezes the lemure.
You completely miss Pikel. Your bite misses Pikel.
Pikel is moderately wounded.
You kill the lemure!
That felt strangely unrewarding.
The wall freezes the lemure. x2
You hit Pikel but do no damage.
Pikel is poisoned.
You bite Pikel. You drain his power.
You feel invigorated.
Pikel is moderately wounded.
The frozen ramparts melt away.
Pikel hits you with a +0 whip of flaming!
Pikel burns you.
You hit Pikel. Your bite misses Pikel.
Pikel is moderately wounded.
Pikel hits you with a +0 whip of flaming!
Pikel burns you.
Casting: Frozen Ramparts (dangerous; 6% risk of failure)
Confirm with . or Enter, or press ? or * to list all spells.
Casting: Frozen Ramparts (dangerous; 6% risk of failure)
Press: ? - help, Dir - look around, f - activate The walls around you are covered in ice.
The lemure shouts!
The wall freezes Pikel.
Pikel hits you with a +0 whip of flaming!
* * * LOW HITPOINT WARNING * * *
Pikel burns you.
* * * LOW HITPOINT WARNING * * *
The wall freezes the lemure.
You kill the lemure!
That felt strangely unrewarding.
The wall freezes the lemure.
It was a potion of ambrosia.
You are confused.
Your system rejects the healing.
You feel invigorated.
The wall freezes Pikel.
Pikel hits you with a +0 whip of flaming!
* * * LOW HITPOINT WARNING * * *
Pikel burns you.
You die...

..........###..........
.........## ##.........
.##.......### ......... ###
#.........#.......
#.####.................
#................. .
#.......##..##.#.. $)
#.^.....###..###.. /©?
#.......5K@..### ..
#######........##..#.##..# #.
.©............## #.......##..##.
.......##....## ###.............
..............# #...............
..............###...............
........#.....5.....##.........#
#.####..##..#..5..###...........
#. ##..##.#......#.....>......


You could see Pikel (very poisoned) and a lemure.

Vanquished Creatures
  2 lemures (D:4)
  2 orc priests (D:3)
  Crazy Yiuf (D:2)
  2 orc wizards (D:3)
  4 adders
  A worm (D:4)
  4 dart slugs
  3 orcs (D:3)
  4 ball pythons
  9 bats
  5 endoplasms
  3 giant cockroaches
  4 goblins
  6 hobgoblins
  3 jackals (D:1)
  11 kobolds
  3 quokkas
  2 frilled lizards
  5 rats
74 creatures vanquished.

Notes
Turn   | Place    | Note
-------+----------+-------------------------------------------
     0 | D:1      | robertstho the Vine Stalker Ice Elementalist began the
                  | quest for the Orb.
     0 | D:1      | Reached XP level 1. HP: 9/9 MP: 4/4
   328 | D:1      | Found a faded altar of an unknown god.
   339 | D:1      | Reached XP level 2. HP: 13/13 MP: 0/6
  1094 | D:1      | Found Rashos's Weapon Boutique.
  1331 | D:1      | Reached XP level 3. HP: 11/17 MP: 0/7
  1791 | D:2      | Found a basalt altar of Yredelemnul.
  1883 | D:2      | Learned a level 3 spell: Frozen Ramparts
  1887 | D:2      | Learned a level 3 spell: Ozocubu's Armour
  2297 | D:2      | Gained mutation: Your natural rate of healing is unusually
                  | fast. [Vine Stalker growth]
  2297 | D:2      | Reached XP level 4. HP: 19/21 MP: 5/9
  2500 | D:2      | Reached skill level 1 in Fighting
  2694 | D:2      | Found a runed translucent door.
  2695 | D:2      | Noticed Crazy Yiuf
  2702 | D:2      | HP: 1/22 [Crazy Yiuf (19)]
  2703 | D:2      | Killed Crazy Yiuf
  2835 | D:3      | Reached skill level 1 in Unarmed Combat
  2853 | D:3      | Reached XP level 5. HP: 25/25 MP: 1/10
  3009 | D:3      | Reached skill level 5 in Ice Magic
  3200 | D:3      | Found Caggitt's Book Shop.
  3205 | D:3      | Reached XP level 6. HP: 23/30 MP: 8/12
  3212 | D:3      | Learned a level 4 spell: Hailstorm
  3516 | D:4      | Found a transporter.
  3542 | D:4      | Noticed Pikel
  3573 | D:4      | HP: 1/30 [Pikel (4)]
  3573 | D:4      | Slain by Pikel

Illustrated notes

Levels and vault maps discovered:
D:1:      lightli_arrival_boilingwater, layout_basic, serial_shops, shop,
          shapermc_ecumenical_altar_starsandcircs, minivault_19
D:2:      layout_loops_ring, basic_altar, uniq_crazy_yiuf_cottage
D:3:      layout_rooms, serial_shops, nicolae_shop_trees
D:4:      gammafunk_cloud_chamber, layout_cave_pools, nicolae_take_the_stairs,
          uniq_pikel, uniq_menkaure, uniq_natasha

Skill      XL: |  1  2  3  4  5 |
---------------+----------------+-----
Spellcasting   | 3 |  3.7
Fighting       | 1 |  1.6
Dodging        | 2 |  2.1
Unarmed Combat | 1 |  1.8
Stealth        | 3 |  3.0
Ice Magic      | 5 |  5.2

Action                   |  1- 3 |  4- 6 || total
-------------------------+-------+-------++-------
Melee: Unarmed           |    96 |    53 ||   149
       Bite              |    23 |    24 ||    47
       Short sword       |       |    21 ||    21
 Cast: Freeze            |    25 |     3 ||    28
       Frozen Ramparts   |     3 |    10 ||    13
  Use: Scroll            |     2 |     1 ||     3
       Potion            |       |     2 ||     2
 Stab: Sleeping          |     5 |     5 ||    10
Armor: Robe              |    36 |    16 ||    52
Dodge: Dodged            |    96 |    55 ||   151

Table legend: (Time is in decaauts)
 A = Elapsed time spent in this place.
 B = Non-inter-level travel time spent in this place.
 C = Inter-level travel time spent in this place.
 D = Time resting spent in this place.
 E = Time spent auto-exploring this place.
 F = Levels seen in this place.
 G = Mean time per level.
                   A        B        C        D        E       F      G
               +--------+--------+--------+--------+--------+-----+--------+
         Total |   3582 |   3444 |    138 |     89 |   2790 |   4 |  895.5 |
       Dungeon |   3582 |   3444 |    138 |     89 |   2790 |   4 |  895.5 |
               +--------+--------+--------+--------+--------+-----+--------+

Top non-repeatable levels by time:
     D:1: 1802 daAuts
     D:2: 1030 daAuts
     D:3: 624 daAuts
     D:4: 124 daAuts
